 Dungeon Crawl Stone Soup version 0.19-a0-347-g6bb00b2 (webtiles) character file.

81097 nubinia the Blocker (level 15, -6/86 HPs)
             Began as a Gargoyle Monk on May 28, 2016.
             Was the Champion of Hepliaklqana.
             Mangled by a kraken (10 damage)
             ... while paralysed
             ... on level 1 of the Shoals on May 29, 2016.
             The game lasted 02:55:58 (31375 turns).

nubinia the Blocker (Gargoyle Monk)                Turns: 31375, Time: 02:56:00

Health: -6/86      AC: 28    Str: 25    XL:     15   Next: 69%
Magic:  22/22      EV:  2    Int: 14    God:    Hepliaklqana [******]
Gold:   644        SH:  0    Dex: 15    Spells: 0 memorised, 14 levels left

rFire  . . .     SeeInvis +     p - +4 mace (protect)
rCold  + . .     Gourm    .     S - +1 leather armour of Trumpets {rElec rPois Dex+4}
rNeg   + + .     Faith    .     q - +3 buckler {AC+3}
rPois  ∞         Spirit   .     L - +0 helmet
rElec  +         Dismiss  .     k - +0 cloak
rCorr  .         Reflect  .     (no gloves)
SustAt .         Harm     .     v - +0 pair of boots
MR     ++...                    d - amulet "Ijewigast" {+Rage rN+ Str+3 Int+4 Dex-5}
Stlth  ++++++....               M - ring of protection from magic
                                E - ring of protection from cold

@: paralysed, exhausted, flying, slowed, very resistant to hostile enchantments,
very stealthy
A: big wings, icy blue scales 1, thin skeletal structure 2, see invisible, dopey
1, frail 1, negative energy resistance 1, sense surroundings 1, electricity
resistance, strong 1, unbreathing, petrification resistance, rot immunity, AC
+11
a: Stop Flying, Recall Ancestor, Ancestor Identity, Transference, Idealise,
Renounce Religion, Evoke Berserk Rage


You were on level 1 of the Shoals.
You worshipped Hepliaklqana.
Hepliaklqana was exalted by your worship.
You were hungry.

You visited 6 branches of the dungeon, and saw 24 of its levels.
You also visited: Ossuary and Ice Cave.

You collected 2793 gold pieces.
You spent 2149 gold pieces at shops.

Inventory:

Hand Weapons
 a - a +0 blowgun
 e - a +0 whip of electrocution
 f - a +2 morningstar of draining
 o - the +6 flail of the Bear {holy, MP+9}
   (You found it in an ice cave)

   It has been blessed by the Shining One to cause great damage to the undead
   and demons.
   It affects your magic capacity (+9).
 p - a +4 mace of protection (weapon)
 x - the +4 short sword of Epnogur {drain, rC++ Int+6}
   (You found it on level 8 of the Lair of Beasts)

   A truly terrible weapon, it drains the life of those it strikes.
   It affects your intelligence (+6).
   It greatly protects you from cold.
 C - the +1 war axe of the Unstoppable Tales {elec, +Fly Str+4 Int+3}
   (You found it on level 10 of the Dungeon)

   Occasionally, upon striking a foe, it will discharge some electrical energy
   and cause terrible harm.
   It affects your strength (+4).
   It affects your intelligence (+3).
   It lets you fly.
Missiles
 c - 22 poisoned needles
 j - 9 curare-tipped needles
Armour
 k - a +0 cloak (worn)
 q - a +3 buckler of protection (worn)
 v - a +0 pair of boots (worn)
 I - a +0 animal skin of cold resistance
 L - a +0 helmet (worn)
 S - the +1 leather armour of Trumpets (worn) {rElec rPois Dex+4}
   (You found it on level 9 of the Dungeon)

   It affects your dexterity (+4).
   It insulates you from electricity.
   It protects you from poison.
Jewellery
 d - the amulet "Ijewigast" (around neck) {+Rage rN+ Str+3 Int+4 Dex-5}
   (You bought it in a shop on level 2 of the Orcish Mines)

   [amulet of rage]

   It affects your strength (+3).
   It affects your intelligence (+4).
   It affects your dexterity (-5).
   It protects you from negative energy.
   It lets you go berserk.
 r - a +3 amulet of reflection
 s - a +4 ring of intelligence
 E - a ring of protection from cold (left hand)
 M - a ring of protection from magic (right hand)
 T - the amulet "Ettehocs" {Spirit rF++ MR-}
   (You found it on level 6 of the Lair of Beasts)

   [amulet of guardian spirit]

   It causes incoming damage to be split between your health and magic.
   It greatly protects you from fire.
   It affects your resistance to hostile enchantments.
Wands
 m - a wand of disintegration (0/24)
 n - a wand of digging (5/24)
 y - a wand of flame (25/48)
 D - a wand of iceblast (3/15)
 J - a wand of acid (7/15)
 N - a wand of acid (1/15)
 U - a wand of lightning (2/15)
 W - a wand of iceblast (11/15)
Scrolls
 i - 5 scrolls of teleportation
 t - 18 scrolls of remove curse
 G - 2 scrolls of blinking
 O - 4 scrolls of recharging
 P - a scroll of holy word
 Q - 2 scrolls of magic mapping
 V - 5 scrolls of identify
 X - 3 scrolls of fog
 Y - 3 scrolls of fear
Potions
 g - a potion of berserk rage
 l - 6 potions of heal wounds
 u - a potion of magic
 z - 2 potions of invisibility
 A - 4 potions of brilliance
 B - 2 potions of ambrosia
 F - 8 potions of curing
 H - 3 potions of resistance
Miscellaneous
 Z - a fan of gales
Comestibles
 b - 16 bread rations
 h - 2 meat rations
 w - 2 chunks of flesh
 K - a slice of pizza


   Skills:
 * Level 12.2 Fighting
 + Level 11.3 Maces & Flails
 + Level 0.6 Throwing
 + Level 7.0 Armour
 - Level 11.0 Dodging
 + Level 11.9 Stealth
 + Level 12.6 Shields
 - Level 4.1 Unarmed Combat
 + Level 10.1 Invocations
 + Level 1.3 Evocations


You had 14 spell levels left.
You didn't know any spells.

Dungeon Overview and Level Annotations

Branches:
Dungeon (11/15)            Temple (1/1) D:6            Lair (8/8) D:11
 Shoals (1/4) Lair:5       Spider (0/4) Lair:6        Slime (0/6) Lair:6
    Orc (2/2) D:10            Elf (1/3) Orc:2

Altars:
Ashenzari
Cheibriados
Dithmenos
Elyvilon
Fedhas
Gozag
Hepliaklqana
Kikubaaqudgha
Makhleb
Nemelex Xobeh
Okawaru
Pakellas
Qazlal
Ru
Sif Muna
Trog
Ukayaw
Vehumet
Xom
Yredelemnul
Zin
The Shining One
Jiyva

Shops:
D:4 }   D:6 %   Orc:1 :   Orc:2 =}*=[   Elf:1 !%   Shoals:1 ?


Innate Abilities, Weirdness & Mutations

You are resistant to torment.
Your stone body is resilient (AC +11).
You are immune to poison.
Your large and strong wings let you fly indefinitely.
You resist negative energy. (rN+)
You are resistant to electric shocks. (rElec)
You can survive without breathing.
You are immune to petrification.
You are immune to rotting.
You are partially covered in icy blue scales. (AC +1)
You have a moderately thin skeletal structure. (Dex +4, Stealth+)
You have supernaturally acute eyesight. (SInv)
You are dopey. (Int -2)
You are frail. (-10% HP)
You passively map a small area around you.
Your muscles are strong. (Str +2)


Message History

The kraken is heavily wounded.
You are no longer berserk.
You pass out from exhaustion.
You feel yourself slow down.
You are feeling hungry.
The kraken bites you!!
* * * LOW HITPOINT WARNING * * *
The tentacle is engulfed in a cloud of scalding steam.
The tentacle slaps you.
* * * LOW HITPOINT WARNING * * *
The tentacle slaps you but does no damage.
The tentacle is engulfed in a cloud of scalding steam.
The tentacle slaps you but does no damage.
You are engulfed in a cloud of scalding steam.
The tentacle slaps you but does no damage.
The tentacle slaps you.
* * * LOW HITPOINT WARNING * * *
A tentacle segment bursts forth from the water.
The kraken bites you!
You die...

......≈≈≈...≈≈≈≈≈≈≈≈≈≈≈≈≈≈≈
.###...≈≈≈..≈≈≈≈≈≈≈≈≈≈≈≈≈≈≈
###P...≈≈≈≈...≈≈≈≈≈≈≈≈≈≈≈≈≈
#*#....≈≈≈...≈≈≈≈≈≈≈≈≈≈≈≈≈≈
......≈≈≈≈≈..≈≈≈≈≈≈§≈≈≈≈≈≈≈
P....≈≈≈≈.....≈≈≈≈≈≈≈≈≈≈≈≈≈
PP.............≈§≈≈≈≈≈≈≈≈≈≈
..P....######..w§w≈≈≈≈≈≈≈≈≈


.PP , #..≈@X≈≈≈≈≈≈≈≈≈ ≈ * #>.ww≈≈≈≈≈≈≈≈≈≈ ≈ #.P..≈≈≈≈≈≈≈≈≈≈≈* ≈
P.PP.≈≈≈≈≈≈≈≈≈≈≈≈≈ P.PP≈≈≈≈≈≈≈≈≈≈≈≈≈≈ ≈≈≈≈≈≈≈≈≈≈≈≈≈≈≈≈≈≈≈ P≈≈P≈P≈≈≈≈≈≈≈≈≈≈≈≈≈
≈≈≈≈≈≈≈≈≈≈≈≈≈≈≈ ≈ ≈ You could see a kraken and 4 tentacles.

Vanquished Creatures
  Kirke (Elf:1)
  A dire elephant (Lair:8)
  A deep elf demonologist (Elf:1)
  Azrael (Orc:2)
  An ettin (Orc:2)
  Harold (Lair:2)
  2 hydras
  Erolcha (D:9)
  An anaconda (Lair:8)
  An alligator snapping turtle (Shoals:1)
  A centaur warrior (D:10)
  2 death yaks (Lair:6)
  A queen ant (Lair:1)
  A dancing weapon (Elf:1)
  2 ogre magi (Orc:2)
  A deep elf knight (Elf:1)
  A deep troll (Orc:2)
  An unseen horror (D:9)
  A sea snake (Shoals:1)
  3 lindwurms (Lair:8)
  An orc knight (Orc:2)
  A deep elf archer (Elf:1)
  3 hill giants
  10 deep elf magi
  A manticore (Shoals:1)
  An orc sorcerer (Orc:2)
  An ugly thing (D:11)
  2 cyclopes (Orc:2)
  4 elephants (Lair:8)
  2 black mambas
  3 spiny frogs
  A rime drake (Lair:2)
  A yaktaur (Shoals:1)
  5 komodo dragons
  9 trolls
  3 polar bears (IceCv)
  A merfolk (Shoals:1)
  4 two-headed ogres
  13 blink frogs
  A basilisk (Lair:8)
  A fire elemental (Orc:2)
  35 yaks
  2 hungry ghosts
  4 hippogriffs
  A steam dragon (D:9)
  2 wargs (Orc:2)
  Menkaure (D:6)
  3 water moccasins
  2 hell hounds (Orc:2)
  5 soldier ants (Lair:1)
  6 orc warriors
  5 porcupines
  A necrophage (D:8)
  A sky beast (D:10)
  A black bear (D:6)
  13 wolves
  11 ogres
  A centaur (D:8)
  4 crocodiles
  5 giant frogs
  An earth elemental (Elf:1)
  8 scorpions
  3 killer bees
  3 wights (D:9)
  A spriggan skeleton (D:9)
  A howler monkey (D:9)
  2 crimson imps
  2 human zombies (Ossuary)
  3 jellies
  3 hounds
  4 orc priests
  3 centaur skeletons
  5 orc wizards
  7 iguanas
  7 worker ants
  8 sheep
  4 big kobold zombies (Ossuary)
  A hound zombie (D:7)
  A hound skeleton (D:4)
  A mummy (Ossuary)
  A worker ant zombie (D:11)
  6 gnolls
  12 adders
  36 river rats
  A scorpion zombie (Ossuary)
  A shadow imp (D:5)
  An ooze (D:6)
  An adder zombie (D:7)
  4 worms
  2 dart slugs (D:1)
  2 giant geckos (D:1)
  39 orcs
  16 bats
  7 giant cockroaches
  8 goblins
  12 hobgoblins
  5 jackals
  3 quokkas
  A giant newt (D:4)
  A goblin zombie (Ossuary)
  9 kobolds
  An orc zombie (Ossuary)
  4 rats
  3 fungi (D:10)
  A plant (Lair:8)
441 creatures vanquished.

Vanquished Creatures (collateral kills)
  Saint Roka (Orc:1)
  Gastronok (D:9)
  5 dire elephants (Lair:8)
  A white draconian (IceCv)
  3 hydras
  A dancing weapon (Orc:2)
  3 death yaks (Lair:6)
  Urug (Lair:1)
  A deep troll (D:10)
  2 hill giants (D:10)
  2 deep elf archers
  A lindwurm (Lair:8)
  Pikel (D:5)
  An orc knight (Orc:1)
  An orc sorcerer (Orc:1)
  5 deep elf magi
  3 fauns (Shoals:1)
  A griffon (Lair:6)
  6 black mambas
  7 elephants
  An ice statue (IceCv)
  7 spiny frogs
  A rime drake (Lair:4)
  A komodo dragon (Lair:6)
  10 polar bears (IceCv)
  3 two-headed ogres (Orc:2)
  2 merfolk (Shoals:1)
  5 trolls
  A snapping turtle (Shoals:1)
  35 blink frogs
  2 shadows
  A tarantella (shapeshifter) (D:10)
  2 basilisks
  A fire elemental (Orc:2)
  A wyvern (Lair:7)
  29 yaks
  Grum (D:10)
  A steam dragon (D:9)
  A hungry ghost (D:9)
  5 hippogriffs
  3 wargs
  Duvessa (D:4)
  9 porcupines
  A hell hound (Orc:2)
  4 water moccasins
  A black bear (D:10)
  15 orc warriors
  2 slaves (D:5)
  A phantom (D:8)
  The ghost of Zebura the Shooter, an amateur CeWn (D:5)
  5 centaurs
  12 ogres
  9 wolves
  6 crocodiles
  A big kobold (D:11)
  7 giant frogs
  Dowan (D:4)
  3 scorpions
  9 killer bees
  3 wights (D:9)
  2 spriggan skeletons (D:9)
  An electric eel (Lair:1)
  3 howler monkeys (D:7)
  A crimson imp (D:7)
  A quasit (D:7)
  A centaur zombie (Ossuary)
  A jelly (D:10)
  6 orc priests
  A giant frog skeleton (D:10)
  12 orc wizards
  6 iguanas
  3 worker ants
  11 sheep
  A killer bee zombie (D:10)
  A big kobold zombie (Ossuary)
  2 mummies (Ossuary)
  A hound skeleton (D:4)
  A gnoll (D:6)
  9 adders
  39 river rats
  A scorpion zombie (Ossuary)
  3 shadow imps
  An adder zombie (D:6)
  2 adder skeletons (D:4)
  A worm (D:3)
  A dart slug (D:4)
  3 giant geckos
  46 orcs
  A giant cockroach (D:7)
  2 hobgoblins
  A jackal (D:4)
  4 kobolds (D:11)
  A quokka (D:5)
  4 bats
  A goblin zombie (Ossuary)
  A bush (Shoals:1)
  A butterfly (D:4)
  A plant (Lair:8)
429 creatures vanquished.

Vanquished Creatures (others)
  A death yak (IceCv)
  2 polar bears (IceCv)
  5 humans (Elf:1)
  3 wolves (IceCv)
  A centaur (Lair:5)
  24 battlemagi
  28 fungi
  8 plants (Lair:8)
  22 tentacle segments (Shoals:1)
94 creatures vanquished.

Grand Total: 964 creatures vanquished

Notes
Turn   | Place    | Note
--------------------------------------------------------------
     0 | D:1      | nubinia the Gargoyle Monk began the quest for the Orb.
     0 | D:1      | Reached XP level 1. HP: 14/14 MP: 1/1
     6 | D:1      | Noticed a minotaur skeleton
     8 | D:1      | Noticed a minotaur skeleton
   345 | D:1      | Reached XP level 2. HP: 10/19 MP: 2/2
  1355 | D:1      | Reached XP level 3. HP: 11/24 MP: 3/3
  3030 | D:2      | Reached XP level 4. HP: 29/29 MP: 4/4
  3277 | D:2      | Found a basalt altar of Yredelemnul.
  3277 | D:2      | Found a hazy altar of Hepliaklqana.
  3285 | D:2      | Became a worshipper of Hepliaklqana
  3285 | D:2      | Reached * piety under Hepliaklqana
  3285 | D:2      | Reached ** piety under Hepliaklqana
  3286 | D:2      | Remembered your ancestor Hori as a battlemage
  4099 | D:3      | Reached skill level 1 in Maces & Flails
  4099 | D:3      | Reached XP level 5. HP: 32/33 MP: 5/5
  4112 | D:3      | Found a glowing silver altar of Zin.
  4417 | D:3      | Found a deep blue altar of Sif Muna.
  4574 | D:4      | Found a shimmering altar of Xom.
  4600 | D:4      | Found a snail-covered altar of Cheibriados.
  4790 | D:4      | Reached *** piety under Hepliaklqana
  5002 | D:4      | Reached XP level 6. HP: 35/38 MP: 6/6
  5044 | D:4      | Found Leqaulif's Gadget Emporium.
  5099 | D:4      | Noticed Duvessa
  5099 | D:4      | Noticed Dowan
  5115 | D:4      | Gained mutation: Your muscles are strong. (Str +2) [potion of mutation]
  5115 | D:4      | Gained mutation: You have a somewhat thin skeletal structure. (Dex +2, Stealth) [potion of mutation]
  5115 | D:4      | Gained mutation: You have supernaturally acute eyesight. (SInv) [potion of mutation]
  5159 | D:4      | Killed Duvessa
  5159 | D:4      | Reached skill level 1 in Armour
  5159 | D:4      | Reached skill level 1 in Invocations
  5162 | D:4      | Killed Dowan
  5411 | D:4      | Reached XP level 7. HP: 43/43 MP: 8/8
  5612 | D:5      | Entered Level 5 of the Dungeon
  5689 | D:5      | Noticed Pikel
  5702 | D:5      | Found a sand-covered staircase.
  5711 | Ossuary  | Entered an ossuary
  6065 | Ossuary  | Gained mutation: You are partially covered in icy blue scales. (AC +1) [potion of beneficial mutation]
  6388 | D:5      | Reached XP level 8. HP: 48/48 MP: 9/9
  6391 | D:5      | Found a hazy altar of Hepliaklqana.
  6640 | D:5      | Killed Pikel
  6640 | D:5      | Reached skill level 5 in Fighting
  6640 | D:5      | Reached skill level 5 in Dodging
  7044 | D:5      | Noticed Zebura's ghost (amateur CeWn)
  7051 | D:5      | Killed Zebura's ghost
  7208 | D:6      | Found Nel Hu Amun's Food Boutique.
  7314 | D:6      | Reached skill level 5 in Stealth
  7819 | D:6      | Found a staircase to the Ecumenical Temple.
  7878 | Temple   | Entered the Ecumenical Temple
  8228 | D:6      | Found a bloodstained altar of Trog.
  8230 | D:6      | Found a stormy altar of Qazlal.
  8230 | D:6      | Found a burning altar of Makhleb.
  8230 | D:6      | Found a hide-covered altar to Ukayaw.
  8230 | D:6      | Found a sparkling altar of Nemelex Xobeh.
  8230 | D:6      | Found a shattered altar of Ashenzari.
  8244 | D:6      | Found an oddly glowing altar of Pakellas.
  8334 | D:6      | Reached XP level 9. HP: 27/54 MP: 12/12
  8465 | D:6      | Noticed Menkaure
  8473 | D:6      | Reached **** piety under Hepliaklqana
  8487 | D:6      | Killed Menkaure
  9055 | D:7      | Found a burning altar of Makhleb.
  9649 | D:8      | Noticed a hill giant
  9722 | D:8      | Reached skill level 5 in Invocations
  9778 | D:8      | Killed a hill giant
  9778 | D:8      | Reached skill level 5 in Maces & Flails
  9994 | D:8      | Gained mutation: You have a pair of small antennae on your head. [potion of beneficial mutation]
 10019 | D:8      | Found a glowing golden altar of the Shining One.
 10205 | D:8      | Reached skill level 1 in Shields
 10324 | D:8      | Reached skill level 5 in Armour
 10324 | D:8      | Reached XP level 10. HP: 27/60 MP: 14/14
 10593 | D:9      | Reached ***** piety under Hepliaklqana
 10644 | D:9      | Got a translucent leather armour
 10656 | D:9      | Identified the cursed +1 leather armour of Trumpets {rElec rPois Dex+4} (You found it on level 9 of the Dungeon)
 10731 | D:9      | Noticed Gastronok
 10763 | D:9      | Noticed Erolcha
 10772 | D:9      | Killed Erolcha
 11100 | D:9      | Noticed an unseen horror
 11154 | D:9      | Killed an unseen horror
 11532 | D:10     | Entered Level 10 of the Dungeon
 11538 | D:10     | Found a staircase to the Orcish Mines.
 11548 | D:10     | Got a dazzling war axe
 11549 | D:10     | Identified the cursed +1 war axe of the Unstoppable Tales {elec, +Fly Str+4 Int+3} (You found it on level 10 of the Dungeon)
 11591 | D:10     | Noticed Grum
 11603 | D:10     | Killed Grum
 11797 | D:10     | Found an ancient bone altar of Kikubaaqudgha.
 11809 | D:10     | Noticed a hill giant
 12071 | D:10     | Killed a hill giant
 12071 | D:10     | Reached skill level 5 in Shields
 12216 | D:10     | Reached XP level 11. HP: 59/66 MP: 16/16
 12461 | D:10     | Noticed a hill giant
 12526 | D:10     | Killed a hill giant
 12555 | D:10     | Noticed a centaur warrior
 12718 | D:10     | Killed a centaur warrior
 12828 | D:10     | Identified the Reference Book on Attacks and Enchantment
 12909 | D:11     | Noticed a seven-headed hydra
 13394 | D:11     | Found a staircase to the Lair.
 13525 | D:11     | Killed a seven-headed hydra
 13758 | D:11     | Noticed a white ugly thing
 13770 | D:11     | Killed a white ugly thing
 13915 | D:9      | Killed Gastronok
 14092 | Lair:1   | Entered Level 1 of the Lair of Beasts
 14245 | Lair:1   | Reached XP level 12. HP: 73/73 MP: 18/18
 14712 | Lair:1   | Noticed a queen ant
 14731 | Lair:1   | Killed a queen ant
 14812 | Lair:1   | Lost mutation: You have a pair of small antennae on your head. [potion of mutation]
 14812 | Lair:1   | Gained mutation: You are dopey. (Int -2) [potion of mutation]
 14812 | Lair:1   | Lost mutation: You have supernaturally acute eyesight. (SInv) [potion of mutation]
 14813 | Lair:1   | Gained mutation: You have supernaturally acute eyesight. (SInv) [potion of mutation]
 14813 | Lair:1   | Gained mutation: You are frail. (-10% HP) [potion of mutation]
 14896 | Lair:1   | Noticed Urug
 14913 | Lair:1   | Killed Urug
 15254 | Lair:1   | Upgraded the game from 0.19-a0-330-g034cfd4 to 0.19-a0-347-g6bb00b2
 15535 | Lair:2   | Noticed Harold
 15565 | Lair:2   | Killed Harold
 15777 | Lair:2   | Reached skill level 10 in Invocations
 16284 | Lair:2   | Reached XP level 13. HP: 54/71 MP: 20/20
 16315 | Lair:2   | Reached ****** piety under Hepliaklqana
 16638 | Lair:3   | Identified a scroll of acquirement
 16695 | Lair:3   | Found a frozen archway.
 16715 | IceCv    | Entered an ice cave
 17233 | IceCv    | Got a twisted flail
 17234 | IceCv    | Identified the +6 flail of the Bear {holy, MP+9} (You found it in an ice cave)
 18125 | IceCv    | Noticed a white draconian
 18134 | IceCv    | Killed a white draconian
 18500 | Lair:3   | Reached skill level 10 in Shields
 19715 | Lair:5   | Found a staircase to the Shoals.
 19811 | Lair:5   | Reached skill level 10 in Dodging
 20644 | Lair:6   | Found a viscous altar of Jiyva.
 20645 | Lair:6   | Found a staircase to the Slime Pits.
 20807 | Lair:6   | Found a hole to the Spider Nest.
 20916 | Lair:6   | Reached skill level 10 in Stealth
 21445 | Lair:6   | Gained mutation: Your large and strong wings let you fly indefinitely. [Gargoyle growth]
 21445 | Lair:6   | Reached XP level 14. HP: 77/77 MP: 21/21
 21603 | Lair:6   | Got a scorched tin amulet
 21604 | Lair:6   | Identified the amulet "Ettehocs" {Spirit rF++ MR-} (You found it on level 6 of the Lair of Beasts)
 22846 | Lair:8   | Entered Level 8 of the Lair of Beasts
 22916 | Lair:8   | Reached skill level 10 in Fighting
 23721 | Lair:8   | Got an ivory short sword
 23722 | Lair:8   | Identified the +4 short sword of Epnogur {drain, rC++ Int+6} (You found it on level 8 of the Lair of Beasts)
 24051 | Lair:8   | Noticed a dire elephant
 24051 | Lair:8   | Noticed a dire elephant
 24060 | Lair:8   | Noticed a dire elephant
 24089 | Lair:8   | Noticed a dire elephant
 24090 | Lair:8   | Noticed a dire elephant
 24090 | Lair:8   | Noticed a dire elephant
 24305 | Lair:8   | Killed a dire elephant
 24436 | Lair:8   | Killed a dire elephant
 24464 | Lair:8   | Killed a dire elephant
 24501 | Lair:8   | Killed a dire elephant
 24667 | Lair:8   | Killed a dire elephant
 24667 | Lair:8   | Reached skill level 10 in Maces & Flails
 24667 | Lair:8   | Reached skill level 1 in Evocations
 25186 | Lair:8   | Killed a dire elephant
 25922 | Orc:1    | Entered Level 1 of the Orcish Mines
 26068 | Orc:1    | Found Deivugh's Book Shop.
 26314 | Orc:2    | Entered Level 2 of the Orcish Mines
 26314 | Orc:2    | Found a staircase to the Elven Halls.
 26392 | Orc:2    | Found Mofraub's Jewellery Boutique.
 27033 | Orc:2    | Reached XP level 15. HP: 80/85 MP: 18/22
 27034 | Orc:2    | Remembered your ancestor Hori casting Bolt of Magma
 27042 | Orc:2    | Found Fogu Vas's Armour Boutique.
 27056 | Orc:2    | Noticed Saint Roka
 27103 | Orc:1    | Killed Saint Roka
 27648 | Orc:2    | Found Suuroed's General Store.
 27651 | Orc:2    | Bought the amulet "Ijewigast" {+Rage rN+ Str+3 Int+4 Dex-5} for 775 gold pieces
 27862 | Orc:2    | Found Xying's Jewellery Boutique.
 27868 | Orc:2    | Found Qiepy's Gadget Shop.
 28330 | Orc:2    | Noticed Azrael
 28342 | Orc:2    | Killed Azrael
 28758 | Elf:1    | Entered Level 1 of the Elven Halls
 28761 | Elf:1    | Noticed Kirke
 29561 | Elf:1    | Killed Kirke
 29625 | Elf:1    | Found Saylywotz's Food Emporium.
 29805 | Elf:1    | Found Jatseosh's Distillery.
 29814 | Elf:1    | Bought 2 potions of beneficial mutation for 1120 gold pieces
 29814 | Elf:1    | Gained mutation: You passively map a small area around you. [potion of beneficial mutation]
 29815 | Elf:1    | Gained mutation: You have a moderately thin skeletal structure. (Dex +4, Stealth+) [potion of beneficial mutation]
 29838 | Elf:1    | Noticed an Executioner
 30385 | Shoals:1 | Entered Level 1 of the Shoals
 30800 | Shoals:1 | Found Laskoh's Magic Scroll Shoppe.
 30828 | Shoals:1 | Bought a scroll of holy word for 127 gold pieces
 30828 | Shoals:1 | Bought a scroll of enchant weapon for 127 gold pieces
 31355 | Shoals:1 | Noticed a kraken
 31375 | Shoals:1 | HP: 4/86 [tentacle[a kraken] (6)]
 31375 | Shoals:1 | Mangled by a kraken

Vault maps used:
D:1:      shiori_arrival_whats_in_store_for_you, kennysheep_nondescript
D:2:      gammafunk_temple_overflow_pools, kennysheep_generic_room_16
D:3:      lemuel_blue_sif_altar, nicolae_overflow_hidden_temple, first_bread
D:4:      xom_butterflies, kennysheep_slug_shrine, serial_shops, shop_fountains,
          minmay_misc_feat_iff, uniq_duvessa
D:5:      nicolae_ossuary_entry_ruins, basic_altar, uniq_pikel
D:6:      minitemple, minmay_temple_entry_large_hall, serial_shops,
          nicolae_shop_statue_plus, uniq_menkaure
D:7:      basic_altar
D:8:      nicolae_tso_swordbearing_angel
D:9:      kennysheep_steamy, hangedman_tell_no_tales, uniq_gastronok,
          uniq_erolcha
D:10:     old_forge, basic_altar, evilmike_minifort, uniq_grum
D:11:     lair_0_dummy
Temple:   cyrus_temple_forest_13
Lair:1:   minivault_27, wad_woods_antlair, serial_bayou_shore_a, uniq_urug
Lair:2:   beast_lair_carwin_6, uniq_harold
Lair:3:   portal_ice_cave_entry_pillars_2, infiniplex_staircase_pool
Lair:4:   minmay_holes
Lair:5:   minmay_shoals_entry_centaurs
Lair:6:   spider_nest_entry_web_field, slime_altar_1, grunt_megastairs_2,
          lemuel_fruit_tree, lemuel_fruit_fields
Lair:7:   grunt_megastairs_4
Lair:8:   due_jungle_book, minmay_lindwurm_lava
Shoals:1: serial_shops, shop, yaktaur_hedge
Orc:1:    serial_shops, shop
Orc:2:    st_orc_open, serial_shops, shop_fountains, uniq_azrael,
          uniq_saint_roka
Elf:1:    minmay_elf_arrival_summoners, serial_shops, shop, shop,
          nicolae_shop_temple_entry_statues_fountains, minmay_elf_demonology,
          uniq_kirke
Ossuary:  ossuary_minmay_scorpions
IceCv:    ice_cave_caverns_02

Skill      XL: |  1  2  3  4  5  6  7  8  9 10 11 12 13 14 15 |
---------------+----------------------------------------------+-----
Dodging        | 3 4 5 6 7 8 9 10 11 | 11.0
Stealth        | 3 4 5 6 7 8 10 11 | 11.9
Maces & Flails | 1 2 3 4 5 6 7 9 10 11 | 11.3
Armour         | 2 3 5 6 7 |  7.0
Invocations    | 1 2 4 6 7 8 10 | 10.1
Fighting       | 4 5 6 7 8 9 11 12 | 12.2
Shields        | 1 5 7 9 10 11 12 | 12.6
Evocations     | 1 |  1.3
Throwing       | |  0.6
Unarmed Combat | |  4.1

Action                   |  1- 3 |  4- 6 |  7- 9 | 10-12 | 13-15 || total
-------------------------+-------+-------+-------+-------+-------++-------
Melee: Club              |   288 |       |       |       |       ||   288
       Unarmed           |    19 |       |       |       |       ||    19
       Punch             |     1 |     3 |    10 |       |       ||    14
       Mace              |    15 |   142 |   151 |   230 |  1664 ||  2202
       Whip              |       |       |   248 |   113 |       ||   361
       Morningstar       |       |       |       |   369 |    44 ||   413
       Flail             |       |       |       |       |   137 ||   137
 Fire: Blowgun           |       |       |       |     7 |       ||     7
Invok: Ancestor Life: Ba |       |     1 |       |       |       ||     1
       Transference      |       |     1 |     2 |       |     5 ||     8
       Recall Ancestor   |       |       |     2 |     3 |     8 ||    13
       Idealise          |       |       |       |     1 |     4 ||     5
Battlemage: Bolt         |       |       |       |       |     1 ||     1
 Abil: Fly               |       |       |       |       |     1 ||     1
       Evoke Berserk Rag |       |       |       |       |     4 ||     4
Evoke: Wand              |       |       |     3 |    10 |    20 ||    33
       Fan of gales      |       |       |       |       |     1 ||     1
  Use: Scroll            |     5 |     1 |    11 |    13 |    18 ||    48
       Potion            |     1 |     3 |     2 |     5 |    11 ||    22
 Stab: Sleeping          |     5 |     6 |     6 |    25 |    47 ||    89
       Distracted        |       |     1 |     9 |    21 |    51 ||    82
       Held in net/web   |       |       |       |     1 |       ||     1
       Invisible         |       |       |       |       |     9 ||     9
  Eat: Chunk             |     7 |     8 |    12 |    31 |    54 ||   112
       Meat ration       |       |       |     1 |     1 |       ||     2
Armor: Robe              |   122 |    13 |       |       |       ||   135
       Leather armour    |       |    51 |   105 |   162 |   454 ||   772
       Chain mail        |       |       |    31 |     3 |       ||    34
Dodge: Dodged            |   253 |   120 |   183 |   233 |  1182 ||  1971
Block: Other             |       |       |    13 |       |       ||    13
       Large shield      |       |       |    62 |   740 |    29 ||   831
       Reflection        |       |       |     3 |     4 |     2 ||     9
       Buckler           |       |       |       |       |   974 ||   974
